Map: Romanticide LE

Players

Reynor - Winner!

  • Race: Zerg Zerg

BattleB

  • Race: Terran Terran

Event: DreamHack SC2 Masters 2021 Winter

VOD

Have the link to the VOD?

Description

Time

  • Played on: Oct. 2, 2021, 12:32 p.m.
  • Length: 12:30

All games in this series

Show
View Real Time Build Order
Export as new Build Order

Reynor Zerg - Winner!

Build Orders: Pool First 

Get SALT Encoding   

  12  0:00  Drone  
  13  0:12  Overlord  
  13  0:16  Drone  
  14  0:30  Drone x2  
  16  0:40  Spawning Pool  
  15  0:43  Drone  
  15  0:47  Drone  
  17  1:09  Hatchery  
  17  1:10  Drone  
  17  1:13  Extractor  
  17  1:16  Drone  
  17  1:27  Zergling x2  
  17  1:28  Zergling x2  
  17  1:32  Roach Warren  
  18  1:38  Drone  
  19  1:47  Queen  
  19  1:53  Overlord  
  21  2:13  Roach x2  
  25  2:21  Roach x2  
  29  2:35  Roach  
  31  2:37  Drone  
  31  2:40  Queen  
  31  2:44  Overlord  
  33  2:48  Drone  
  33  2:50  Ravager  
  35  2:54  Drone  
  35  2:57  Drone  
  36  3:04  Drone  
  36  3:05  Drone  
  38  3:13  Drone x3  
  38  3:18  Ravager  
  42  3:20  Drone x2  
  44  3:27  Overlord  
  44  3:35  Overlord  
  44  3:43  Overlord  
  44  3:46  Drone  
  44  3:47  Drone  
  46  3:50  Drone  
  46  3:54  Overlord  
  42  3:56  Drone x2  
  42  4:05  Drone x2  
  39  4:10  Drone  
  39  4:15  Queen  
  42  4:18  Hatchery  
  42  4:19  Drone  
  42  4:20  Drone  
  42  4:23  Metabolic Boost  
  43  4:26  Drone  
  43  4:29  Drone  
  45  4:31  Queen  
  45  4:34  Drone  
  45  4:35  Drone  
  45  4:37  Drone  
  50  4:39  Drone  
  51  4:47  Drone  
  51  4:51  Drone x2, Extractor  
  51  4:52  Extractor  
  52  4:53  Drone x2  
  52  4:55  Extractor  
  52  4:56  Lair  
  52  4:58  Zergling x6  
  56  5:09  Drone  
  56  5:10  Spore Crawler  
  56  5:11  Queen  
  56  5:13  Drone x3  
  61  5:16  Drone  
  61  5:17  Drone  
  63  5:23  Spore Crawler  
  63  5:25  Overlord  
  63  5:28  Drone x3  
  65  5:35  Drone  
  66  5:38  Zergling x2  
  68  5:42  Zergling x2  
  68  5:43  Zergling x6  
  68  5:44  Drone  
  68  5:46  Queen  
  68  5:48  Spore Crawler  
  73  5:51  Overlord  
  73  5:52  Drone x2  
  73  5:54  Overseer  
  73  5:56  Overseer  
  75  5:58  Overseer  
  75  6:00  Drone, Spire  
  75  6:02  Drone  
  76  6:05  Drone  
  76  6:10  Overlord  
  77  6:15  Baneling Nest  
  76  6:19  Drone x4  
  76  6:20  Drone  
  76  6:21  Drone  
  76  6:22  Drone, Overlord  
  83  6:37  Drone x4, Overlord  
  83  6:38  Extractor x2  
  83  6:39  Overlord  
  85  6:51  Overlord  
  85  6:59  Drone  
  85  7:00  Centrifugal Hooks  
  86  7:08  Zergling x12  
  91  7:09  Overlord  
  91  7:13  Mutalisk x7  
  104  7:15  Overseer  
  104  7:18  Drone  
  104  7:19  Zerg Flyer Weapons Level 1  
  104  7:20  Drone  
  106  7:23  Baneling x6  
  106  7:24  Evolution Chamber  
  106  7:25  Overlord  
  106  7:27  Evolution Chamber  
  106  7:29  Drone x2  
  106  7:34  Mutalisk x2  
  106  7:35  Hatchery  
  106  7:36  Zergling x6  
  112  7:37  Zergling x2  
  112  7:39  Overlord  
  113  7:47  Baneling  
  113  7:48  Baneling x8  
  113  7:50  Pneumatized Carapace  
  113  7:57  Drone x9  
  122  8:01  Zerg Ground Armor Level 1  
  122  8:10  Drone x2  
  122  8:11  Drone  
  125  8:14  Mutalisk x2  
  129  8:21  Overlord, Zerg Melee Weapons Level 1  
  129  8:22  Zergling x2  
  129  8:23  Zergling x8  
  134  8:31  Mutalisk x2  
  134  8:33  Zergling x10  
  143  8:39  Overlord  
  143  8:40  Zergling x2  
  143  8:41  Zergling x4  
  146  8:47  Zergling x2  
  146  8:48  Zergling x4  
  149  8:52  Baneling x9  
  149  8:53  Baneling  
  149  8:56  Zergling x8  
  149  9:00  Zergling x8  
  157  9:07  Overlord  
  157  9:10  Baneling x15  
  157  9:11  Zergling x10  
  157  9:12  Zergling x4  
  157  9:15  Overlord  
  164  9:19  Zergling x6  
  164  9:22  Zergling x6  
  172  9:31  Zergling x10  
  175  9:44  Zergling x24  
  149  9:50  Mutalisk x3  
  146  9:59  Mutalisk x3  
  146  10:01  Drone x3  
  146  10:03  Hatchery, Extractor  
  146  10:04  Extractor  
  146  10:05  Zergling x16  
  160  10:10  Baneling x15  
  160  10:11  Baneling, Zergling x2  
  160  10:12  Zergling x4  
  163  10:16  Zergling x2  
  163  10:19  Zergling x4  
  166  10:22  Baneling x7  
  166  10:24  Zergling x8  
  166  10:28  Drone  
  167  10:38  Zergling x18  
  176  10:44  Overlord  
  176  10:50  Zergling x2  
  176  10:51  Zergling x10  
  175  11:04  Baneling x13  
  175  11:09  Zergling x28  
  187  11:12  Baneling  
  187  11:13  Baneling x6  
  187  11:18  Zergling x8  
  191  11:23  Mutalisk x2  
  191  11:25  Zergling x2  
  196  11:27  Zergling x4  
  198  11:35  Zergling x2  
  199  11:41  Baneling  
  199  11:42  Baneling x12  
  199  11:46  Baneling x6  
  199  11:51  Baneling x6  
  156  12:10  Zergling x24  
  156  12:11  Zergling x18  
Show
View Real Time Build Order
Export as new Build Order

BattleB Terran 

Build Orders: Reaper Expand 

Get SALT Encoding   

  12  0:00  SCV  
  13  0:12  SCV  
  14  0:17  Supply Depot  
  14  0:25  SCV  
  15  0:39  SCV  
  15  0:40  Barracks  
  15  0:42  Refinery  
  16  0:51  SCV  
  17  1:03  SCV  
  18  1:15  SCV  
  19  1:27  Reaper, Orbital Command  
  20  1:38  Command Center  
  20  1:46  Supply Depot  
  20  1:53  SCV  
  21  1:59  Marine  
  22  2:05  SCV  
  23  2:08  Factory  
  23  2:14  Refinery  
  23  2:17  SCV  
  23  2:19  Barracks Reactor  
  24  2:29  SCV  
  24  2:41  SCV  
  25  2:56  Factory Tech Lab, Marine x2  
  25  2:58  SCV, Bunker  
  28  3:00  Orbital Command  
  28  3:02  Starport  
  28  3:10  SCV  
  29  3:15  Cyclone  
  29  3:17  Marine  
  29  3:18  Marine  
  34  3:22  SCV  
  34  3:32  SCV  
  34  3:34  Supply Depot  
  34  3:41  Supply Depot  
  34  3:44  Marine  
  34  3:45  Marine  
  36  3:49  SCV  
  36  3:53  SCV  
  35  4:01  SCV  
  30  4:12  SCV  
  30  4:14  Cloaking Field, Banshee  
  34  4:18  SCV  
  35  4:26  SCV  
  35  4:27  Command Center  
  35  4:28  Barracks Tech Lab  
  35  4:30  SCV  
  37  4:32  Hellion  
  37  4:35  Hellion  
  41  4:39  SCV  
  41  4:42  SCV  
  43  4:46  Supply Depot  
  43  4:51  SCV  
  44  4:54  SCV  
  44  4:57  Banshee  
  44  4:58  Hellion x2  
  52  5:01  Stimpack  
  52  5:03  SCV  
  52  5:06  SCV  
  54  5:08  Supply Depot  
  54  5:15  SCV  
  54  5:18  SCV  
  56  5:27  Barracks  
  56  5:28  SCV  
  57  5:30  SCV  
  57  5:31  Supply Depot  
  57  5:32  Factory Reactor, Barracks  
  58  5:40  SCV  
  58  5:41  Engineering Bay x2  
  58  5:42  SCV  
  60  5:43  Refinery  
  60  5:44  Refinery, Marine  
  60  5:48  Orbital Command  
  61  5:53  SCV  
  61  5:54  SCV  
  63  5:59  Starport Reactor  
  63  6:00  Supply Depot  
  63  6:05  SCV  
  63  6:06  SCV  
  63  6:09  Terran Infantry Weapons Level 1, Terran Infantry Armor Level 1  
  63  6:11  Marine  
  65  6:15  Marine x2  
  65  6:18  SCV x2  
  70  6:20  SCV  
  70  6:21  Siege Tank  
  74  6:28  Barracks  
  74  6:29  Marine  
  74  6:30  SCV, Marine, Barracks  
  74  6:31  Orbital Command  
  77  6:36  SCV  
  77  6:38  Supply Depot  
  78  6:40  Marine x2  
  78  6:42  SCV  
  78  6:43  Marine  
  78  6:45  Medivac x2  
  86  6:48  SCV  
  86  6:53  Marine x2  
  89  6:54  SCV  
  89  6:55  Combat Shield  
  89  6:57  SCV  
  89  7:00  SCV  
  92  7:02  Siege Tank  
  92  7:06  SCV  
  92  7:08  Supply Depot x2, Marine x2  
  96  7:09  SCV, Marine  
  96  7:13  SCV  
  101  7:17  Marine x2  
  101  7:18  SCV, Armory  
  101  7:20  Barracks Reactor x2  
  104  7:23  SCV  
  104  7:25  Supply Depot  
  104  7:29  Marine x2  
  107  7:31  SCV x2  
  107  7:34  Medivac x2  
  113  7:38  Siege Tank  
  113  7:43  Marine x2  
  118  7:45  Missile Turret  
  118  7:46  Missile Turret  
  118  7:47  Missile Turret  
  118  7:49  Marine x2  
  114  7:52  Marine  
  115  7:59  Refinery  
  115  8:00  Marine  
  115  8:01  Barracks  
  115  8:02  Marine x2, Barracks x2  
  115  8:03  Supply Depot  
  118  8:09  SCV x2  
  118  8:11  Terran Infantry Weapons Level 2, Terran Infantry Armor Level 2  
  118  8:12  Marine x2  
  120  8:18  Siege Tank  
  120  8:19  Marine x4  
  126  8:24  Medivac  
  128  8:30  Marine x5  
  128  8:33  Supply Depot  
  132  8:35  Supply Depot  
  132  8:37  Marine x2  
  132  8:39  Supply Depot, Terran Vehicle Weapons Level 1, Marine x2  
  135  8:48  Marine x4  
  139  8:49  Marine x2  
  139  8:51  Supply Depot  
  139  8:55  Supply Depot x2, Marine x3  
  144  8:56  Siege Tank  
  144  8:59  Marine x2  
  144  9:00  Marine  
  150  9:05  Marine  
  150  9:06  Marine x2  
  150  9:09  Marine x3  
  156  9:11  Medivac x2  
  156  9:12  Marine x2  
  156  9:13  Marine  
  161  9:20  Marine x3  
  161  9:23  Marine  
  161  9:24  Marine x2  
  165  9:26  Supply Depot  
  165  9:27  Supply Depot, Marine x2  
  165  9:31  Marine x4  
  170  9:37  Siege Tank  
  170  9:38  Marine  
  140  9:46  Marine  
  140  9:47  Marine x5  
  140  9:48  Marine  
  140  9:49  Marine x2  
  140  9:50  Medivac x2  
  140  9:52  Marine  
  132  9:53  Marine  
  132  9:57  Marine  
  135  10:04  Marine  
  135  10:05  Marine x5  
  135  10:06  Marine x2  
  142  10:07  Marine  
  142  10:10  Marine x2  
  142  10:11  Siege Tank  
  149  10:15  Marine  
  150  10:22  Marine  
  150  10:23  Marine x5  
  150  10:24  Marine x2  
  150  10:25  Marine  
  150  10:28  Liberator x2, Marine x2  
  165  10:33  Marine  
  165  10:40  Marine  
  165  10:41  Marine x5  
  165  10:42  Marine x2  
  173  10:43  Marine  
  173  10:46  Marine x2  
  173  10:49  Siege Tank  
  179  10:50  Marine  
  179  10:55  Command Center  
  180  10:57  Marine  
  180  10:58  Marine  
  180  10:59  Marine x4  
  180  11:00  Marine x2  
  187  11:04  Marine x2  
  187  11:05  Marine  
  187  11:08  Marine  
  189  11:14  Liberator x2  
  189  11:15  Marine  
  189  11:16  Marine  
  197  11:28  Siege Tank  
  200  11:34  Marine  
  200  11:39  Marine  
  200  12:04  Marine x4  
  200  12:05  Marine x4  
  157  12:09  Marine x4  

Tags
 
Add a new tag
Caveats
  • Supply blocks, unpowered buildings, or Contaminate may cause inaccurate times.
  • Supply counts are checked every 10 seconds.